 Dungeon Crawl Stone Soup version 0.23-a0-629-gae4348f (webtiles) character file.

1632639 Charly the Impregnable (level 27, 215/215 HPs)
             Began as a Barachi Hunter on Nov 9, 2018.
             Was an Initiate of Gozag.
             Escaped with the Orb
             ... and 3 runes on Dec 26, 2018!
             The game lasted 06:32:27 (73100 turns).

Charly the Impregnable (Barachi Hunter)            Turns: 73100, Time: 06:32:28

Health: 215/215    AC: 39    Str: 33    XL:     27
Magic:  36/36      EV: 20    Int:  6    God:    Gozag
Gold:   1968       SH: 42    Dex: 13    Spells: 22/26 levels left

rFire    + + .     SeeInvis +   a - +9 demon blade (elec)
rCold    + + +     Gourm    .   c - +10 large shield of Ignorance {rN+ Int-4}
rNeg     + + .     Faith    .   X - +4 plate armour {rF+}
rPois    +         Spirit   .   u - +2 helmet {SInv}
rElec    .         Reflect  +   A - scarf {rC+ rF+}
rCorr    .         Harm     .   Y - +2 pair of gloves {Str+3}
MR       +++++     Clarity  +   D - +2 pair of boots
Stlth    ..........             J - +5 amulet of reflection
HPRegen  0.45/turn              m - ring "Emnom" {rPois MR+++}
MPRegen  0.25/turn              i - ring of Guepuk {rC++ rN+ Str+4}

@: gold aura, hasted, very quick
A: +LOS, swims, icy blue scales 1, clarity, dopey 1, frail 1, sense surroundings
1, poison resistance, screaming 1, slowness 1, wild magic 1, strong legs 2
0: Orb of Zot
}: 3/15 runes: barnacled, slimy, gossamer
a: Hop, Potion Petition, Call Merchant, Bribe Branch, Renounce Religion


You escaped.
You worshipped Gozag.
Gozag was most pleased with you.
You were full.

You visited 10 branches of the dungeon, and saw 51 of its levels.
You also visited: Trove, Bailey and Labyrinth.

You collected 29791 gold pieces.
You spent 16426 gold pieces at shops.
You donated 9 gold pieces to Zin.
You paid 11388 gold pieces to Gozag.

Inventory:

Hand Weapons
 a - a +9 demon blade of electrocution (weapon)
 b - a +9 hand crossbow of venom
Missiles
 U - 3 throwing nets (quivered)
 W - 1118 bolts
Armour
 c - the +10 large shield of Ignorance (worn) {rN+ Int-4}
   (You found it in a treasure trove)

   It affects your intelligence (-4).
   It protects you from negative energy.
 u - a +2 helmet of see invisible (worn)
 A - a scarf of resistance (worn)
 D - a +2 pair of boots (worn)
 X - a +4 plate armour of fire resistance (worn)
 Y - a +2 pair of gloves of strength (worn)
Jewellery
 f - an uncursed ring of protection from fire
 i - the ring of Guepuk (right hand) {rC++ rN+ Str+4}
   (You found it on level 5 of the Pits of Slime)

   [ring of positive energy]

   It affects your strength (+4).
   It greatly protects you from cold.
   It protects you from negative energy.
 j - a +4 ring of slaying
 m - the ring "Emnom" (left hand) {rPois MR+++}
   (You bought it in a shop on level 7 of the Dungeon)

   [ring of poison resistance]

   It protects you from poison.
   It affects your resistance to hostile enchantments.
 J - a +5 amulet of reflection (around neck)
Wands
 r - a wand of acid (29)
 z - a wand of enslavement (5)
 H - a wand of clouds (11)
 O - a wand of iceblast (17)
 R - a wand of scattershot (8)
 V - a wand of digging (3)
Scrolls
 d - 5 scrolls of identify
 h - 11 scrolls of fear
 o - 16 scrolls of blinking
 q - 19 scrolls of teleportation
 B - 8 scrolls of immolation
 K - 4 scrolls of holy word
 L - 17 scrolls of remove curse
 M - 3 scrolls of silence
 P - 10 scrolls of fog
 T - 2 scrolls of magic mapping
Potions
 e - 27 potions of curing
 g - 17 potions of heal wounds
 k - 16 potions of might
 p - 11 potions of lignification
 s - 5 potions of ambrosia
 v - 6 potions of resistance
 x - 9 potions of haste
 E - a potion of magic
 F - 13 potions of cancellation
 G - 4 potions of agility
 Z - 4 potions of invisibility
Miscellaneous
 l - a lightning rod (4/4)
 w - a lamp of fire
 C - 2 phantom mirrors
 I - a phial of floods
 N - a fan of gales
Comestibles
 y - 30 rations


   Skills:
 + Level 24.3 Fighting
 - Level 14.2 Long Blades
 - Level 10.0 Crossbows
 + Level 25.3 Armour
 + Level 20.0 Dodging
 - Level 0.8 Stealth
 - Level 25.0 Shields
 + Level 19.8 Evocations


You had 22 spell levels left.
You knew the following spells:

 Your Spells              Type           Power        Failure   Level  Hunger
r - Regeneration          Chrm/Necr      #.........   99%         3    ####...
B - Summon Butterflies    Summ           #.......     86%         1    ##.....

Your spell library contained the following spells:

 Spells                   Type           Power        Failure   Level  Hunger
 Animate Skeleton         Necr           N/A          86%         1    ##.....
 Beastly Appendage        Tmut           #.....       86%         1    ##.....
 Confusing Touch          Hex            #.....       86%         1    ##.....
 Corona                   Hex            #......      86%         1    ##.....
 Flame Tongue             Conj/Fire      #....        86%         1    ##.....
 Infusion                 Chrm           #...         86%         1    ##.....
 Sting                    Conj/Pois      #...         86%         1    ##.....
 Summon Small Mammal      Summ           #...         86%         1    ##.....
 Call Imp                 Summ           #.......     94%         2    ###....
 Corpse Rot               Necr           N/A          94%         2    ###....
 Poisonous Vapours        Pois/Air       #.....       94%         2    ###....
 Shroud of Golubria       Chrm/Tloc      #.........   94%         2    ###....
 Slow                     Hex            #.......     94%         2    ###....
 Song of Slaying          Chrm           #.......     94%         2    ###....
 Sticks to Snakes         Tmut           #.......     94%         2    ###....
 Sublimation of Blood     Necr           #.........   94%         2    ###....
 Throw Flame              Conj/Fire      #.....       94%         2    ###....
 Call Canine Familiar     Summ           #.......     99%         3    ####...
 Confuse                  Hex            #.......     99%         3    ####...
 Conjure Flame            Conj/Fire      #.......     99%         3    ####...
 Gell's Gravitas          Tloc           #.........   99%         3    ####...
 Inner Flame              Hex/Fire       #.......     99%         3    ####...
 Mephitic Cloud           Conj/Pois/Air  #.......     99%         3    ####...
 Portal Projectile        Hex/Tloc       #.....       99%         3    ####...
 Recall                   Summ/Tloc      N/A          99%         3    ####...
 Spectral Weapon          Hex/Chrm       #.......     99%         3    ####...
 Spider Form              Tmut/Pois      #.........   99%         3    ####...
 Summon Guardian Golem    Hex/Summ       #.......     99%         3    ####...
 Animate Dead             Necr           N/A          100%        4    #####..
 Cause Fear               Hex            #.........   100%        4    #####..
 Ice Form                 Ice/Tmut       #.......     100%        4    #####..
 Leda's Liquefaction      Hex/Erth       #.........   100%        4    #####..
 Olgreb's Toxic Radiance  Pois           #.......     100%        4    #####..
 Petrify                  Tmut/Erth      #.......     100%        4    #####..
 Sticky Flame             Conj/Fire      #.......     100%        4    #####..
 Summon Ice Beast         Ice/Summ       #.......     100%        4    #####..
 Summon Lightning Spire   Summ/Air       #.......     100%        4    #####..
 Agony                    Necr           #.......     100%        5    ######.
 Aura of Abjuration       Summ           #.........   100%        5    ######.
 Blade Hands              Tmut           #.........   100%        5    ######.
 Bolt of Draining         Conj/Necr      #.........   100%        5    ######.
 Bolt of Magma            Conj/Fire/Erth #.........   100%        5    ######.
 Borgnjor's Vile Clutch   Necr/Erth      #.........   100%        5    ######.
 Dispel Undead            Necr           #.......     100%        5    ######.
 Excruciating Wounds      Chrm/Necr      #.........   100%        5    ######.
 Fireball                 Conj/Fire      #.........   100%        5    ######.
 Irradiate                Conj/Tmut      #.........   100%        5    ######.
 Metabolic Englaciation   Hex/Ice        #.........   100%        5    ######.
 Summon Demon             Summ           #.........   100%        5    ######.
 Summon Forest            Summ/Tloc      #.........   100%        5    ######.
 Summon Mana Viper        Hex/Summ       #.......     100%        5    ######.
 Venom Bolt               Conj/Pois      #.........   100%        5    ######.
 Yara's Violent Unravell  Hex/Tmut       #.........   100%        5    ######.
 Bolt of Cold             Conj/Ice       #.........   100%        6    #######
 Bolt of Fire             Conj/Fire      #.........   100%        6    #######
 Death Channel            Necr           #.........   100%        6    #######
 Freezing Cloud           Conj/Ice/Air   #.........   100%        6    #######
 Hydra Form               Tmut           #.........   100%        6    #######
 Iron Shot                Conj/Erth      #.........   100%        6    #######
 Ozocubu's Refrigeration  Ice            #.........   100%        6    #######
 Shadow Creatures         Summ           N/A          100%        6    #######
 Simulacrum               Ice/Necr       #.........   100%        6    #######
 Statue Form              Tmut/Erth      #........    100%        6    #######
 Dragon Form              Tmut           #.........   100%        7    #######
 Haunt                    Necr/Summ      #.........   100%        7    #######
 Summon Hydra             Summ           #.........   100%        7    #######
 Borgnjor's Revivificati  Necr           #.........   100%        8    #######
 Controlled Blink         Tloc           N/A          100%        8    #######
 Death's Door             Chrm/Necr      #.........   100%        8    #######
 Infestation              Necr           #.........   100%        8    #######
 Necromutation            Tmut/Necr      #.........   100%        8    #######
 Shatter                  Erth           #.........   100%        9    #######


Dungeon Overview and Level Annotations

Branches:
Dungeon (15/15)            Temple (1/1) D:6            Lair (6/6) D:9
 Shoals (4/4) Lair:4       Spider (4/4) Lair:4        Slime (5/5) Lair:5
    Orc (2/2) D:12            Elf (0/3) Orc:2        Vaults (4/5) D:14
  Crypt (0/3) Vaults:2     Depths (5/5) D:15            Zot (5/5) Depths:5

Altars:
Ashenzari
Cheibriados
Dithmenos
Elyvilon
Fedhas
Gozag
Hepliaklqana
Kikubaaqudgha
Makhleb
Nemelex Xobeh
Okawaru
Qazlal
Ru
Sif Muna
Trog
Uskayaw
Vehumet
Wu Jian
Xom
Yredelemnul
Zin
The Shining One
Beogh
Jiyva

Shops:
D:4 !   D:6 *   D:7 =   Orc:2 [*[(:   Lair:5 !   Shoals:4 (   Spider:1 !
Vaults:1 *   Vaults:2 *![*   Depths:1 =[!?   Depths:5 }

Portals:
Hell: Depths:1 Depths:2 Depths:3 Depths:4 Depths:5
Abyss: Depths:4
Pandemonium: Depths:3
Ziggurat: Depths:5

Annotations:
D:9 2 transporters, eyesofgods1's ghost, journeyman GnFi


Innate Abilities, Weirdness & Mutations

Shadows flee at your approach. (+LOS)
You can swim through water.
You cover ground slowly.
You can hop long distances.
You are partially covered in icy blue scales. (AC +2)
You possess an exceptional clarity of mind.
You are dopey. (Int -2)
You are frail. (-10% HP)
You passively map a small area around you.
Your system is resistant to poisons. (rPois)
You occasionally shout uncontrollably at your foes.
Your spells are a little harder to cast, but a little more powerful.


Message History

The Orb Guardian is lightly wounded.
You block the Orb Guardian's attack.
You slash the Orb Guardian!
Lightning courses through the Orb Guardian!
The Orb Guardian is heavily wounded.
You block the Orb Guardian's attack.
You slash the Orb Guardian!
The Orb Guardian is heavily wounded.
You slice the Orb Guardian!!
Lightning courses through the Orb Guardian!
You kill the Orb Guardian!
You now have 1968 gold pieces (gained 27).
HP restored.
There is an open door here.
There is an open door here.
You see here a stone.
You see here a +0 club.
There is an open door here.
There is a staircase leading out of the dungeon here.
You have escaped!

#### ####
##..##########..##
#....#...(.)'....#
#....'(.....#...@#
##..##########..##
.#'##....8...####
.#..#..P.P...#..#
.#..#...P.P..#..#
.#.)#..P.....#..#
.#..#...P....#..#
.#..#[...P.P.#..#
........P....#..#


There were no monsters in sight!

Vanquished Creatures
  Dissolution (Slime:4)
  2 orbs of fire
  7 ancient liches
  2 juggernauts (Depths:3)
  Margery (Depths:1)
  7 curse toes
  4 Killer Klowns
  6 caustic shrikes (Depths:4)
  9 golden dragons
  Nikola (Spider:3)
  A bone dragon (Vaults:2)
  An electric golem (Zot:5)
  The ghost of Jyefoybb the Severer, an adept NaWn of Gozag (Spider:3)
  14 tentacled monstrosities
  A Hell Sentinel (D:2)
  6 liches
  3 titans
  16 Orb Guardians
  6 quicksilver dragons
  Asterion (Vaults:2)
  Polyphemus (Shoals:2)
  8 death cobs
  14 acid blobs
  4 sphinxes
  2 krakens (Shoals:1)
  12 storm dragons
  6 tengu reavers
  Kirke (Spider:3)
  4 draconian monks
  5 shadow dragons
  Ilsuiw (Shoals:4)
  5 azure jellies
  10 fire giants
  9 vault wardens
  2 orc warlords
  4 frost giants
  A balrug (Depths:4)
  7 emperor scorpions (Spider:4)
  4 deep elf sorcerers
  An iron dragon (Depths:3)
  5 draconian stormcallers
  7 draconian scorchers
  9 ghost moths
  5 draconian knights
  The ghost of Qenoimudgh the Unseen, an adept FeMo of Yredelemnul (Vaults:4)
  8 draconian shifters
  A spriggan defender (Depths:3)
  8 ironheart preservers
  A war gargoyle (Depths:4)
  16 very ugly things
  6 entropy weavers
  3 draconian annihilators
  A vampire knight (Depths:2)
  9 stone giants
  13 black draconians
  6 red draconians
  3 deep elf demonologists (Depths:4)
  A dire elephant (Lair:6)
  9 purple draconians
  A minotaur (Lab)
  4 green draconians
  Azrael (D:14)
  7 spark wasps
  6 white draconians
  6 yellow draconians
  Snorg (D:13)
  6 merfolk javelineers
  2 blizzard demons
  A green death (Depths:3)
  14 fire dragons
  8 ettins
  9 merfolk impalers
  7 death oozes
  7 great orbs of eyes
  5 yaktaur captains
  4 rakshasas
  4 deep elf high priests
  Harold (D:8)
  11 ice dragons
  4 hydras
  4 vault guards
  3 catoblepae
  A merfolk avatar (Shoals:1)
  2 spriggan air magi (Depths:5)
  8 centaur warriors
  2 death knights (D:12)
  Erica (D:11)
  2 merfolk aquamancers (Shoals:4)
  28 two-headed ogres
  5 death yaks
  5 deep troll earth magi
  A vampire mage (Depths:2)
  15 tengu warriors
  9 deep troll shamans
  2 queen ants
  8 ogre magi
  A satyr (Shoals:4)
  13 spriggan berserkers
  6 orc high priests (Orc:2)
  Sonja (D:11)
  10 hell knights
  A fire crab (Lair:4)
  3 soul eaters (Depths:4)
  A shadow wraith (Vaults:2)
  3 sun demons
  6 deep elf knights
  4 skeletal warriors
  16 sea snakes
  2 quicksilver dragon simulacra (Depths:4)
  A spectral entropy weaver (Spider:3)
  4 flayed ghosts
  A death drake (Depths:2)
  3 wizards
  A shadow demon (D:1)
  33 deep trolls
  9 glowing orange brains
  5 iron trolls
  A swamp dragon (shapeshifter) (Depths:3)
  8 ironbrand convokers
  5 deep elf archers
  The ghost of Garbasso the Thaumaturge, a novice DEFE (D:6)
  6 lindwurms
  A golden dragon skeleton (Depths:3)
  14 orb spiders
  15 orc knights
  21 harpies
  43 wolf spiders
  11 manticores
  17 deep elf magi
  6 fauns (Shoals:3)
  35 ugly things
  6 necromancers
  8 cyclopes
  A fire giant zombie (Vaults:3)
  An orb spider (shapeshifter) (Depths:1)
  A salamander (shapeshifter) (Vaults:4)
  2 shining eyes
  90 slime creatures
  4 orc sorcerers
  3 centaur zombies
  13 vault sentinels
  An elephant (shapeshifter) (Vaults:4)
  7 elephants
  An elf zombie (Depths:3)
  36 moths of wrath
  9 merfolk sirens
  9 rust devils
  5 spiny frogs
  A black mamba (shapeshifter) (Vaults:4)
  Psyche (D:8)
  6 water nymphs
  4 black mambas
  A gargoyle (D:11)
  An orange demon (D:2)
  A spiny frog (shapeshifter) (Depths:3)
  2 eyes of devastation
  2 torpor snails (Spider:1)
  An ice statue (Depths:4)
  A molten gargoyle (D:15)
  A spriggan skeleton (Depths:3)
  37 yaktaurs
  2 kobold demonologists
  11 komodo dragons
  A komodo dragon (shapeshifter) (D:15)
  3 freezing wraiths
  5 rime drakes
  2 efreet (Depths:4)
  10 demonic crawlers
  2 ice devils
  3 tengu conjurers
  7 red devils
  A human skeleton (Vaults:3)
  2 jumping spiders (shapeshifter)
  2 guardian mummies (Vaults:4)
  38 jumping spiders
  Grinder (D:6)
  A meliai (shapeshifter) (Depths:3)
  A polar bear (Lair:5)
  13 trolls
  3 meliai (D:15)
  2 wolf spider simulacra (Spider:3)
  30 merfolk
  2 wind drakes
  A wind drake (shapeshifter) (Vaults:4)
  11 hornets
  8 dream sheep
  3 hornets (shapeshifter)
  19 blink frogs
  A meliai zombie (D:14)
  11 snapping turtles
  A hippogriff (shapeshifter) (Vaults:3)
  7 hippogriffs
  A human simulacrum (Vaults:3)
  39 tarantellas
  78 redbacks
  2 yaks (shapeshifter)
  An ettin skeleton (Vaults:3)
  7 water elementals
  3 wyverns (D:12)
  5 flying skulls (Depths:4)
  A wyvern (shapeshifter) (Depths:2)
  2 wraiths (Depths:4)
  2 shadows
  4 vampires
  27 yaks
  A golden eye (Slime:5)
  2 hogs (Spider:3)
  2 basilisks
  4 fire elementals (D:14)
  6 vampire mosquitoes
  7 hungry ghosts
  9 wargs
  2 redback simulacra (Spider:3)
  9 soldier ants
  A swamp worm (shapeshifter) (Depths:4)
  A spectral orb spider (Spider:3)
  5 hell hounds
  18 water moccasins
  An acid dragon (D:12)
  A floating eye (Depths:3)
  A spectral hornet (Spider:3)
  A jumping spider simulacrum (Spider:3)
  11 porcupines
  53 orc warriors
  2 tarantella simulacra (Spider:3)
  A necrophage (D:8)
  2 swamp drakes (Depths:2)
  2 phantoms
  3 sky beasts
  8 black bears
  An eye of draining (shapeshifter) (Zot:3)
  4 eyes of draining
  A hornet zombie (D:14)
  5 ettin simulacra (Depths:4)
  6 ice beasts
  12 wolves
  22 ogres
  11 centaurs
  16 boggarts
  8 crocodiles
  5 big kobolds
  23 bullfrogs
  A gnoll sergeant (D:10)
  A water moccasin skeleton (D:5)
  A hornet simulacrum (D:15)
  7 scorpions
  4 wights
  21 killer bees
  3 troll skeletons (Lab)
  2 bullfrog zombies
  5 electric eels
  5 crimson imps
  6 howler monkeys
  4 lava snakes (Lab)
  4 jellies
  25 orc priests
  Crazy Yiuf (D:7)
  A centaur skeleton (D:7)
  A quasit (D:14)
  A bullfrog skeleton (D:9)
  9 hounds
  17 orc wizards
  7 hell rats (Lair:6)
  3 iguanas
  29 worker ants
  A killer bee zombie (D:7)
  An ogre skeleton (Lab)
  A hound zombie (D:11)
  A hound skeleton (D:8)
  A howler monkey zombie (D:7)
  A worker ant zombie (D:11)
  15 gnolls
  15 adders
  4 shadow imps
  2 oozes
  An adder zombie (D:6)
  3 worms
  2 dart slugs
  5 leopard geckos
  90 orcs
  8 bats
  3 giant cockroaches
  24 goblins
  14 hobgoblins
  9 jackals
  19 kobolds
  6 quokkas
  2 ball pythons
  7 frilled lizards
  A giant cockroach zombie (D:5)
  A jackal skeleton (D:6)
  6 rats
  2 fungi
  4 plants
2122 creatures vanquished.

Vanquished Creatures (collateral kills)
  the Royal Jelly (Slime:5)
  A caustic shrike (Depths:4)
  An Orb Guardian (Zot:5)
  A quicksilver dragon (Zot:5)
  A storm dragon (Zot:2)
  An emperor scorpion (Spider:1)
  A draconian annihilator (Depths:2)
  2 draconian scorchers
  A black draconian (Zot:2)
  A red draconian (Zot:5)
  2 purple draconians
  A spark wasp (Depths:5)
  A death ooze (Slime:5)
  2 fire dragons
  A deep elf high priest (Depths:4)
  A two-headed ogre (D:15)
  A deep troll earth mage (Depths:4)
  A deep troll (Depths:4)
  A sea snake (Shoals:1)
  An ugly thing (Vaults:4)
  A manticore (Lair:6)
  3 shining eyes
  A faun (Shoals:1)
  A black mamba (Lair:6)
  A moth of wrath (Zot:5)
  An eye of devastation (Slime:2)
  A torpor snail (Lair:6)
  A queen bee (D:8)
  5 slime creatures (Slime:2)
  5 orc warriors (Bailey)
  An eye of draining (Slime:2)
  A killer bee (D:8)
  3 gnolls (Bailey)
  4 orcs (Bailey)
  6 goblins (Bailey)
  4 hobgoblins (Bailey)
62 creatures vanquished.

Vanquished Creatures (others)
  An orb of fire (Zot:5)
  7 ancient liches
  An electric golem (Zot:5)
  A tentacled monstrosity (Zot:5)
  15 Orb Guardians (Zot:5)
  2 death cobs
  A draconian monk (Zot:5)
  A draconian knight (Zot:5)
  2 draconian scorchers (Zot:5)
  2 ghost moths (Zot:5)
  A draconian stormcaller (Zot:5)
  3 stone giants
  A red draconian (Zot:5)
  4 merfolk javelineers
  A spark wasp (Depths:4)
  An ettin (Depths:3)
  6 yaktaur captains
  A satyr (Shoals:3)
  2 tengu warriors (Depths:4)
  A sea snake (Shoals:1)
  2 deep elf archers (Vaults:1)
  A wolf spider (Spider:1)
  A cyclops (D:14)
  A deep elf mage (Vaults:4)
  A moth of wrath (Zot:5)
  8 yaktaurs
  A killer bee (D:8)
  A redback (Spider:3)
  A human (Spider:3)
  A soldier ant (Spider:3)
  An orc warrior (Bailey)
  An ogre (Vaults:4)
  An ettin simulacrum (Depths:4)
  3 centaurs
  An orc wizard (Vaults:2)
  A ball python (D:3)
  55 fungi
  26 plants
161 creatures vanquished.

Grand Total: 2345 creatures vanquished

Notes
Turn   | Place    | Note
-------+----------+-------------------------------------------
     0 | D:1      | Charly the Barachi Hunter began the quest for the Orb.
     0 | D:1      | Reached XP level 1. HP: 17/17 MP: 1/1
   344 | D:1      | Reached XP level 2. HP: 23/23 MP: 2/2
  1147 | D:2      | Reached XP level 3. HP: 29/29 MP: 3/3
  1805 | D:2      | Found a burning altar of Makhleb.
  1818 | D:2      | Reached skill level 1 in Armour
  1818 | D:2      | Reached XP level 4. HP: 10/35 MP: 4/4
  2198 | D:2      | Reached skill level 5 in Crossbows
  2717 | D:3      | Reached XP level 5. HP: 42/42 MP: 5/5
  3590 | D:3      | Found a white marble altar of Elyvilon.
  3882 | D:4      | Found a shimmering altar of Xom.
  3899 | D:4      | Got a polished whip
  3900 | D:4      | Identified the +2 whip "Fadghoz" {slash, MR- Str+9} (You
                  | found it on level 4 of the Dungeon)
  3926 | D:4      | Noticed a big kobold
  3949 | D:4      | Killed a big kobold
  3949 | D:4      | Reached XP level 6. HP: 48/48 MP: 6/6
  4050 | D:4      | Noticed a phantom
  4133 | D:4      | Killed a phantom
  4178 | D:4      | Found a sparkling altar of Nemelex Xobeh.
  4583 | D:4      | Found a glowing silver altar of Zin.
  4618 | D:4      | Found a radiant altar of Vehumet.
  4761 | D:4      | Reached XP level 7. HP: 50/54 MP: 7/7
  4932 | D:4      | Found Othrunwur's Distillery.
  4936 | D:4      | Bought a potion of heal wounds for 50 gold pieces
  4936 | D:4      | Bought a potion of curing for 30 gold pieces
  4936 | D:4      | Bought a potion of haste for 100 gold pieces
  4936 | D:4      | Bought a potion of heal wounds for 50 gold pieces
  5229 | D:4      | Became a worshipper of Zin the Law-Giver
  5278 | D:5      | Entered Level 5 of the Dungeon
  5310 | D:5      | Reached skill level 5 in Armour
  5706 | D:5      | Got a warped mace
  5707 | D:5      | Identified the +0 mace of Optimality {chaos, rF+ rN+ Dex-4
                  | Stlth+} (You found it on level 5 of the Dungeon)
  5883 | D:5      | Reached skill level 5 in Fighting
  6028 | D:5      | Reached * piety under Zin
  6201 | D:6      | Noticed Grinder
  6202 | D:6      | Paralysed by Grinder for 6 turns
  6259 | D:6      | Found Vituig's Sacrilege Store.
  6259 | D:6      | Found a basalt altar of Yredelemnul.
  6351 | D:6      | Reached XP level 8. HP: 56/63 MP: 8/8
  6470 | D:6      | Found a staircase to the Ecumenical Temple.
  6476 | Temple   | Entered the Ecumenical Temple
  6655 | Temple   | Fell from the grace of Zin
  6655 | Temple   | Became a worshipper of Ru the Awakened
  7027 | D:6      | Found a bloodstained altar of Trog.
  7379 | D:6      | Found a transporter.
  7381 | D:6      | Found a transporter.
  7398 | D:6      | Noticed Garbasso's ghost (novice DEFE)
  8068 | D:7      | Found Ureu's Jewellery Boutique.
  8221 | Temple   | Fell from the grace of Ru
  8221 | Temple   | Became a worshipper of Gozag Ym Sagoz the Greedy
  8520 | D:7      | Found a runed door.
  8555 | D:8      | Noticed a hippogriff
  8568 | D:8      | Killed a hippogriff
  8568 | D:8      | Reached skill level 1 in Evocations
  8568 | D:8      | Reached XP level 9. HP: 67/74 MP: 8/10
  8612 | D:8      | Noticed Harold
  8670 | D:8      | Noticed Psyche
  8905 | D:9      | Found a flagged portal.
  8911 | Bailey   | Entered a bailey
  9724 | Bailey   | Reached skill level 5 in Evocations
  9733 | Bailey   | Killed an orc warrior
  9824 | Bailey   | Noticed an orc knight
  9829 | Bailey   | Killed an orc knight
  9829 | Bailey   | Reached XP level 10. HP: 60/83 MP: 12/14
 10128 | Bailey   | Noticed an orc warlord
 10157 | Bailey   | Killed an orc warlord
 10436 | D:6      | Bought a +1 demon blade of electrocution for 534 gold
                  | pieces
 10444 | D:6      | Reached XP level 11. HP: 90/90 MP: 16/16
 10445 | D:6      | Reached XP level 12. HP: 100/100 MP: 17/17
 10516 | D:6      | Paralysed by Grinder for 3 turns
 10523 | D:6      | Killed Grinder
 10712 | D:7      | Noticed Crazy Yiuf
 10723 | D:7      | Killed Crazy Yiuf
 10786 | D:8      | Killed Psyche
 10895 | D:8      | Killed Harold
 11925 | D:9      | Found a transporter.
 11927 | D:9      | Noticed eyesofgods1's ghost (journeyman GnFi)
 11953 | D:9      | Found a shadowy altar of Dithmenos.
 12217 | D:7      | Bought the ring "Emnom" {rPois MR+++} for 534 gold pieces
 12274 | D:9      | Reached skill level 10 in Armour
 12411 | D:9      | Found a staircase to the Lair.
 12769 | D:9      | Found a transporter.
 12812 | D:10     | Entered Level 10 of the Dungeon
 12823 | D:10     | Reached skill level 5 in Dodging
 12899 | D:10     | Got a dazzling dagger
 13009 | D:10     | Gained mutation: You can hop long distances. [Barachi
                  | growth]
 13009 | D:10     | Reached XP level 13. HP: 102/108 MP: 18/18
 13117 | D:10     | Got a transparent robe
 13254 | D:10     | Reached skill level 1 in Shields
 13849 | D:11     | Noticed Erica
 13854 | D:11     | Killed Erica
 14215 | D:11     | Reached skill level 5 in Shields
 14227 | D:11     | Noticed Sonja
 14661 | D:7      | Bought a +3 ring of slaying for 630 gold pieces
 14668 | D:7      | Identified the +8 dagger of Classification {freeze, rPois
                  | rF+ rN+} (You found it on level 10 of the Dungeon)
 14679 | D:7      | Identified the cursed +0 robe "Qiuzoa Xeire" {rF+ rC++
                  | Regen+} (You found it on level 10 of the Dungeon)
 14772 | D:6      | Killed Garbasso's ghost
 14923 | Lair:1   | Entered Level 1 of the Lair of Beasts
 15899 | Lair:2   | Found a white marble altar of Elyvilon.
 16793 | D:7      | Bought the ring "Yraphu" {rC+ Dex+3} for 536 gold pieces
 17819 | Lair:4   | Found a labyrinth entrance.
 17875 | Lab      | Entered a Labyrinth
 17905 | Lab      | Reached XP level 14. HP: 106/118 MP: 19/19
 19308 | Lair:4   | Found a hole to the Spider Nest.
 19441 | Lair:4   | Found a staircase to the Shoals.
 19946 | Lair:5   | Reached skill level 15 in Armour
 20279 | Lair:5   | Found a viscous altar of Jiyva.
 20279 | Lair:5   | Found a staircase to the Slime Pits.
 20762 | Lair:5   | Upgraded the game from 0.23-a0-416-g33f1def to
                  | 0.23-a0-417-gf02c810
 20948 | D:7      | Bought a +4 ring of slaying for 1092 gold pieces
 20950 | D:7      | Bought an uncursed ring of positive energy for 280 gold
                  | pieces
 21016 | D:11     | Killed Sonja
 21769 | D:12     | Noticed a sphinx
 21777 | D:12     | Killed a sphinx
 22046 | D:12     | Found a staircase to the Orcish Mines.
 22097 | D:12     | Reached XP level 15. HP: 124/124 MP: 20/20
 23018 | D:13     | Noticed Snorg
 23024 | D:13     | Killed Snorg
 23856 | D:14     | Noticed Azrael
 23876 | D:14     | Killed Azrael
 24081 | D:14     | Reached skill level 10 in Shields
 24179 | D:14     | Found a blossoming altar of Fedhas.
 24483 | D:14     | You fall through a shaft!
 24483 | D:15     | Entered Level 15 of the Dungeon
 25088 | D:14     | Found a gate to the Vaults.
 25616 | D:15     | Reached skill level 15 in Fighting
 25841 | D:15     | Found a staircase to the Depths.
 26215 | Orc:1    | Entered Level 1 of the Orcish Mines
 26317 | Orc:1    | Found a roughly hewn altar of Beogh.
 26391 | Orc:2    | Entered Level 2 of the Orcish Mines
 26391 | Orc:2    | Found a staircase to the Elven Halls.
 26391 | Orc:2    | Found Nintocyr's Armour Shoppe.
 26432 | Orc:2    | Noticed an orc warlord
 26455 | Orc:1    | Killed an orc warlord
 26576 | Orc:1    | Reached XP level 16. HP: 132/136 MP: 21/21
 26910 | Orc:2    | Found Tosaz's General Store.
 27012 | Orc:1    | You fall through a shaft!
 27012 | Orc:2    | Found Uffusm's Book Shop.
 27404 | Orc:2    | Found Funoddel's Antique Armour Shoppe.
 27634 | Orc:2    | Found Tetemeo's Antique Weapon Shop.
 27941 | Orc:2    | Found a roughly hewn altar of Beogh.
 28019 | Orc:2    | Upgraded the game from 0.23-a0-417-gf02c810 to
                  | 0.23-a0-629-gae4348f
 28039 | Orc:2    | Bought a pair of boots for 121 gold pieces
 28044 | Orc:2    | Bought an embroidered scarf for 216 gold pieces
 28064 | Orc:2    | Bought a twisted ring mail for 243 gold pieces
 28074 | Orc:2    | Identified the cursed +1 ring mail "Dujez" {rElec} (You
                  | bought it in a shop on level 2 of the Orcish Mines)
 28123 | Orc:2    | Bought an encrusted short sword for 192 gold pieces
 28123 | Orc:2    | Identified the +4 short sword of Parts Unknown {pierce,
                  | +Rage rC+ Int-3} (You bought it in a shop on level 2 of the
                  | Orcish Mines)
 28146 | Orc:2    | Bought a potion of haste for 160 gold pieces
 28302 | D:4      | Bought 2 potions of haste for 200 gold pieces
 28302 | D:4      | Bought a potion of resistance for 100 gold pieces
 28302 | D:4      | Bought a potion of curing for 30 gold pieces
 28302 | D:4      | Bought a potion of heal wounds for 50 gold pieces
 28302 | D:4      | Bought a potion of magic for 80 gold pieces
 28302 | D:4      | Bought a potion of cancellation for 80 gold pieces
 28306 | D:4      | Learned a level 3 spell: Regeneration
 28496 | Lair:6   | Entered Level 6 of the Lair of Beasts
 29692 | Shoals:1 | Entered Level 1 of the Shoals
 29862 | Shoals:1 | Noticed a kraken
 29936 | Spider:1 | Entered Level 1 of the Spider Nest
 29992 | Spider:1 | Bought a potion of agility for 72 gold pieces
 29992 | Spider:1 | Bought a potion of mutation for 144 gold pieces
 29992 | Spider:1 | Bought a potion of haste for 180 gold pieces
 29992 | Spider:1 | Bought a potion of curing for 54 gold pieces
 29992 | Spider:1 | Bought a potion of curing for 54 gold pieces
 29992 | Spider:1 | Bought a potion of invisibility for 144 gold pieces
 29992 | Spider:1 | Bought 2 potions of might for 144 gold pieces
 29992 | Spider:1 | Bought a potion of might for 72 gold pieces
 29992 | Spider:1 | Bought a potion of might for 72 gold pieces
 29992 | Spider:1 | Bought a potion of might for 72 gold pieces
 30495 | Spider:1 | Reached skill level 15 in Shields
 31649 | Spider:2 | Reached XP level 17. HP: 145/145 MP: 22/22
 32313 | Spider:2 | You fall through a shaft!
 32544 | Spider:3 | Found a roughly hewn altar of Beogh.
 32633 | Spider:3 | Noticed Kirke
 32635 | Spider:3 | Reached skill level 10 in Dodging
 32657 | Spider:3 | Killed Kirke
 32661 | Spider:3 | Noticed Nikola
 32667 | Spider:3 | Killed Nikola
 33459 | Spider:3 | Found a runed gate.
 33459 | Spider:3 | Found a runed gate.
 33459 | Spider:3 | Found a runed gate.
 33460 | Spider:3 | Noticed Jyefoybb's ghost (adept NaWn)
 33705 | Spider:4 | Entered Level 4 of the Spider Nest
 33720 | Spider:4 | Reached skill level 10 in Crossbows
 33814 | Spider:4 | Reached skill level 10 in Evocations
 33955 | Spider:4 | Reached XP level 18. HP: 135/155 MP: 1/25
 34805 | Spider:4 | Got a gossamer rune of Zot
 36060 | Shoals:2 | Noticed Polyphemus
 36070 | Shoals:2 | Killed Polyphemus
 37512 | Shoals:4 | Entered Level 4 of the Shoals
 37528 | Shoals:4 | Noticed Ilsuiw
 37677 | Shoals:4 | Reached XP level 19. HP: 164/164 MP: 27/27
 38000 | Shoals:4 | Identified the +4 great sword of Amortisation {slice, rC+
                  | Dex+5}
 38380 | Shoals:4 | Got a barnacled rune of Zot
 38451 | Shoals:4 | Found Limnups's Weapon Shop.
 38708 | Shoals:4 | Killed Ilsuiw
 39437 | Spider:3 | Killed Jyefoybb's ghost
 39576 | Spider:3 | Got a heavily runed scale mail
 39587 | Spider:3 | Identified the +1 scale mail "Rod Medu" {rCorr Int+6} (You
                  | found it on level 3 of the Spider Nest)
 39933 | Vaults:1 | Entered Level 1 of the Vaults
 41195 | Vaults:1 | Bought 2 potions of invisibility for 576 gold pieces
 41195 | Vaults:1 | Bought a potion of heal wounds for 180 gold pieces
 41515 | Vaults:2 | Reached XP level 20. HP: 169/174 MP: 29/29
 41602 | Vaults:2 | Noticed a bone dragon
 41619 | Vaults:2 | Killed a bone dragon
 41620 | Vaults:2 | Found a staircase to the Crypt.
 41768 | Vaults:2 | Found Ruwnelepru's Distillery.
 41834 | Vaults:2 | Bought a potion of curing for 54 gold pieces
 41834 | Vaults:2 | Bought a potion of curing for 54 gold pieces
 41834 | Vaults:2 | Bought a potion of curing for 54 gold pieces
 41834 | Vaults:2 | Bought a potion of curing for 54 gold pieces
 41834 | Vaults:2 | Bought a potion of resistance for 180 gold pieces
 41834 | Vaults:2 | Bought a potion of heal wounds for 90 gold pieces
 41834 | Vaults:2 | Bought 2 potions of haste for 360 gold pieces
 41834 | Vaults:2 | Bought a potion of curing for 54 gold pieces
 41834 | Vaults:2 | Bought a potion of berserk rage for 90 gold pieces
 41834 | Vaults:2 | Bought 2 potions of mutation for 288 gold pieces
 41834 | Vaults:2 | Bought a potion of mutation for 144 gold pieces
 42068 | Vaults:2 | Noticed Asterion
 42080 | Vaults:2 | Killed Asterion
 42197 | Vaults:2 | Identified a scroll of acquirement
 42814 | Vaults:2 | Found Daipa's Assorted Antiques.
 42828 | Vaults:2 | Bought a scroll of fog for 66 gold pieces
 42828 | Vaults:2 | Bought a runed onyx ring for 165 gold pieces
 42828 | Vaults:2 | Bought a phantom mirror for 990 gold pieces
 43345 | Vaults:2 | Found Raonalem's Armour Emporium.
 43380 | Vaults:2 | Found Epnam Saiho's General Store.
 43387 | Vaults:2 | Bought a scroll of blinking for 157 gold pieces
 45039 | Lair:4   | Gained mutation: Your body sometimes deteriorates upon
                  | taking damage. [potion of mutation]
 45039 | Lair:4   | Gained mutation: You passively map a small area around you.
                  | [potion of mutation]
 45040 | Lair:4   | Lost mutation: You passively map a small area around you.
                  | [potion of mutation]
 45040 | Lair:4   | Lost mutation: Your body sometimes deteriorates upon taking
                  | damage. [potion of mutation]
 45040 | Lair:4   | Gained mutation: You possess an exceptional clarity of
                  | mind. [potion of mutation]
 45040 | Lair:4   | Gained mutation: Your system is resistant to poisons.
                  | (rPois) [potion of mutation]
 45040 | Lair:4   | Gained mutation: Your muscles are strong. (Str +2) [potion
                  | of mutation]
 45040 | Lair:4   | Gained mutation: You are partially covered in icy blue
                  | scales. (AC +2) [potion of mutation]
 45728 | Vaults:3 | Learned a level 1 spell: Summon Butterflies
 45935 | Vaults:4 | Reached XP level 21. HP: 183/183 MP: 31/31
 45979 | Vaults:4 | Found a runed gate.
 45979 | Vaults:4 | Found a runed gate.
 45979 | Vaults:4 | Found an ancient bone altar of Kikubaaqudgha.
 45979 | Vaults:4 | Found a runed gate.
 45979 | Vaults:4 | Noticed an ancient lich
 45979 | Vaults:4 | Noticed Qenoimudgh's ghost (adept FeMo)
 45979 | Vaults:4 | Noticed an ancient lich
 45979 | Vaults:4 | Noticed an ancient lich
 45980 | Vaults:4 | Noticed an ancient lich
 46325 | Vaults:4 | Got a faintly glowing shortbow
 46629 | Vaults:4 | Identified the cursed +1 robe "Ulyeguw" {Slay+2}
 47149 | Vaults:4 | Found a portal to a secret trove of treasure.
 47518 | Vaults:4 | Killed an ancient lich
 47525 | Vaults:4 | Killed an ancient lich
 47539 | Vaults:4 | Killed an ancient lich
 47545 | Vaults:4 | Killed an ancient lich
 47555 | Vaults:4 | Killed Qenoimudgh's ghost
 47607 | Vaults:4 | Got a fine lapis lazuli ring
 47613 | Vaults:4 | Got a slimy brass ring
 47617 | Vaults:4 | Got an encrusted helmet
 47620 | Vaults:4 | Identified Kikubaaqudgha's Tome of Dark Secrets
 47632 | Vaults:4 | Identified the +0 helmet "Ywuojon" {rC+ Int+3 Dex+2} (You
                  | found it on level 4 of the Vaults)
 47633 | Vaults:4 | Identified the ring of Jaanwuide {*Corrode Str+4 Stlth-}
                  | (You found it on level 4 of the Vaults)
 47635 | Vaults:4 | Identified the ring "Kempuy" {rPois Stlth+} (You found it
                  | on level 4 of the Vaults)
 48463 | Depths:1 | Entered Level 1 of the Depths
 48539 | Depths:1 | Found Beyhula's Distillery.
 48544 | Depths:1 | Found Neulooc's Magic Scroll Shop.
 48544 | Depths:1 | Found Kukunen's Jewellery Boutique.
 48550 | Depths:1 | Found Reate's Antique Armour Boutique.
 48555 | Depths:1 | Bought 2 potions of might for 136 gold pieces
 48555 | Depths:1 | Bought a potion of heal wounds for 85 gold pieces
 48555 | Depths:1 | Bought a potion of agility for 68 gold pieces
 48555 | Depths:1 | Bought a potion of heal wounds for 85 gold pieces
 48555 | Depths:1 | Bought a potion of curing for 51 gold pieces
 48555 | Depths:1 | Bought a potion of ambrosia for 136 gold pieces
 48555 | Depths:1 | Bought a potion of cancellation for 136 gold pieces
 48555 | Depths:1 | Bought a potion of haste for 170 gold pieces
 48558 | Depths:1 | Bought a scroll of enchant armour for 135 gold pieces
 48558 | Depths:1 | Bought a scroll of teleportation for 54 gold pieces
 48558 | Depths:1 | Bought a scroll of silence for 135 gold pieces
 48558 | Depths:1 | Bought a scroll of blinking for 135 gold pieces
 48558 | Depths:1 | Bought a scroll of summoning for 171 gold pieces
 48558 | Depths:1 | Bought a scroll of holy word for 135 gold pieces
 48558 | Depths:1 | Bought a scroll of enchant armour for 135 gold pieces
 48558 | Depths:1 | Bought a scroll of magic mapping for 63 gold pieces
 48563 | Depths:1 | Bought a runed plate armour for 832 gold pieces
 48850 | Depths:1 | You fall through a shaft!
 49035 | Depths:2 | Noticed a golden dragon
 49051 | Depths:2 | Killed a golden dragon
 49051 | Depths:2 | Reached XP level 22. HP: 190/190 MP: 32/32
 49081 | Depths:2 | Identified the +11 broad axe of Magnificence {flame,
                  | +Blink} (You found it on level 2 of the Depths)
 49098 | Depths:2 | Identified the +3 morningstar of Embarrassment {crush,
                  | rElec rN+ Str+5 Stlth-} (You found it on level 2 of the
                  | Depths)
 49101 | Depths:2 | Identified the Collected Works on the Damaging Entourage
 49155 | Depths:2 | Identified the Handbook of Conjuration and the Traveller
 49520 | Depths:2 | Found a gateway to Hell.
 50407 | Depths:1 | Noticed Margery
 50451 | Depths:1 | Killed Margery
 51482 | Depths:3 | Noticed a juggernaut
 51496 | Depths:3 | Killed a juggernaut
 51545 | Depths:3 | Identified the ring of the Gloaming {rPois Int+4 SInv
                  | Stlth+} (You found it on level 3 of the Depths)
 51579 | Depths:3 | Noticed a golden dragon
 51589 | Depths:3 | Killed a golden dragon
 51808 | Depths:3 | Reached XP level 23. HP: 197/197 MP: 33/33
 51843 | Depths:3 | Found a one-way gate leading to the halls of Pandemonium.
 51936 | Depths:3 | Noticed a golden dragon
 51936 | Depths:3 | Noticed a golden dragon
 51946 | Depths:3 | Killed a golden dragon
 51954 | Depths:3 | Killed a golden dragon
 52115 | Depths:3 | Noticed a juggernaut
 52180 | Depths:3 | Noticed a golden dragon
 52198 | Depths:3 | Killed a golden dragon
 52220 | Depths:3 | Noticed an ancient lich
 52237 | Depths:3 | Killed an ancient lich
 52582 | Depths:3 | Identified the +4 whip of Xethraorr {protect, *Corrode
                  | rPois Dex+8 SInv}
 52955 | Depths:3 | Killed a juggernaut
 53110 | Depths:3 | Identified the cursed +1 ring mail "Ratoet" {Slay+3} (You
                  | found it on level 3 of the Depths)
 53652 | Depths:4 | Reached skill level 15 in Dodging
 53874 | Depths:4 | Found a shattered altar of Ashenzari.
 54286 | Depths:4 | Found a blossoming altar of Fedhas.
 54298 | Depths:4 | Identified the +1 ring mail of Hadjma {Int+4} (You found it
                  | on level 4 of the Depths)
 54909 | Depths:4 | Found a deep blue altar of Sif Muna.
 55043 | Depths:4 | Noticed a caustic shrike
 55046 | Depths:4 | Noticed a caustic shrike
 55047 | Depths:4 | Noticed a caustic shrike
 55056 | Depths:4 | Killed a caustic shrike
 55056 | Depths:4 | Reached skill level 15 in Evocations
 55056 | Depths:4 | Reached XP level 24. HP: 206/206 MP: 34/34
 55059 | Depths:4 | Killed a caustic shrike
 55065 | Depths:4 | Killed a caustic shrike
 55123 | Depths:4 | Noticed a caustic shrike
 55139 | Depths:4 | Killed a caustic shrike
 55196 | Depths:4 | Noticed a caustic shrike
 55201 | Depths:4 | Noticed a caustic shrike
 55205 | Depths:4 | Killed a caustic shrike
 55211 | Depths:4 | Killed a caustic shrike
 55352 | Depths:4 | Noticed a caustic shrike
 55365 | Depths:4 | Killed a caustic shrike
 55891 | Depths:4 | Found an ancient bone altar of Kikubaaqudgha.
 56069 | Depths:4 | Found a one-way gate to the infinite horrors of the Abyss.
 56160 | Depths:5 | Entered Level 5 of the Depths
 56972 | Depths:5 | Found a bloodstained altar of Trog.
 57519 | Depths:5 | Found a gate to the Realm of Zot.
 57544 | Depths:5 | Reached XP level 25. HP: 124/215 MP: 35/35
 57978 | Depths:5 | Found Irops's Gadget Shoppe.
 57996 | Depths:5 | Bought a sack of spiders for 380 gold pieces
 57996 | Depths:5 | Bought a wand of clouds (4) for 456 gold pieces
 57996 | Depths:5 | Bought a wand of digging (5) for 342 gold pieces
 57996 | Depths:5 | Bought a sack of spiders for 380 gold pieces
 57996 | Depths:5 | Bought a wand of acid (9) for 494 gold pieces
 57999 | Depths:5 | Found a gateway to a ziggurat.
 58547 | Slime:1  | Entered Level 1 of the Pits of Slime
 58688 | Lair:5   | Bought a potion of curing for 60 gold pieces
 58688 | Lair:5   | Bought 2 potions of curing for 120 gold pieces
 58688 | Lair:5   | Bought 2 potions of resistance for 400 gold pieces
 58688 | Lair:5   | Bought a potion of resistance for 200 gold pieces
 58688 | Lair:5   | Bought 2 potions of cancellation for 320 gold pieces
 58688 | Lair:5   | Bought a potion of heal wounds for 100 gold pieces
 58688 | Lair:5   | Bought a potion of cancellation for 160 gold pieces
 58688 | Lair:5   | Bought a potion of might for 80 gold pieces
 58688 | Lair:5   | Bought 2 potions of haste for 400 gold pieces
 59075 | Slime:4  | Noticed Dissolution
 59086 | Slime:4  | Killed Dissolution
 59241 | Slime:5  | Entered Level 5 of the Pits of Slime
 59986 | Slime:5  | Noticed the Royal Jelly
 60795 | Slime:5  | Found a viscous altar of Jiyva.
 60816 | Slime:5  | Found the cursed +13 scythe of Curses {drain, *Curse}
 60836 | Slime:5  | Killed the Royal Jelly
 60922 | Slime:5  | Got a translucent brass ring
 60957 | Slime:5  | Identified the ring of Guepuk {rC++ rN+ Str+4} (You found
                  | it on level 5 of the Pits of Slime)
 60980 | Slime:5  | Identified the +5 scale mail of Zin's Outrage {rN+ Str+2
                  | Int-5 Stlth+} (You found it on level 5 of the Pits of
                  | Slime)
 61034 | Slime:5  | Gained mutation: You are dopey. (Int -2) [a shining eye]
 61035 | Slime:5  | Lost mutation: You possess an exceptional clarity of mind.
                  | [a shining eye]
 61055 | Slime:5  | Identified the +2 leather armour of New Discoveries {rF-
                  | MR+++ Int+9} (You found it on level 5 of the Pits of Slime)
 61071 | Slime:5  | Got a slimy rune of Zot
 61661 | Vaults:4 | You showed the slimy rune of Zot to enter a treasure trove
 61662 | Trove    | Entered a treasure trove
 61691 | Trove    | Found the +10 large shield of Ignorance {rN+ Int-4}
 61702 | Trove    | Identified the cursed +0 robe of Beauty {Str+6 Int+2} (You
                  | found it in a treasure trove)
 61731 | Trove    | Got a crude bronze amulet
 61732 | Trove    | Identified the amulet of Lylij {Inacc rElec rF- Int+4
                  | Stlth+} (You found it in a treasure trove)
 61734 | Trove    | Identified the amulet of Jueskoff {Harm *Drain *Slow Str+7
                  | Int+3} (You found it in a treasure trove)
 62201 | Zot:1    | Entered Level 1 of the Realm of Zot
 63124 | Zot:2    | Noticed an orb of fire
 63138 | Zot:2    | Gained mutation: You occasionally shout uncontrollably at
                  | your foes. [an orb of fire]
 63152 | Zot:2    | Gained mutation: Your spells are a little easier to cast,
                  | but a little less powerful. [an orb of fire]
 63155 | Zot:2    | Gained mutation: You are very dopey. (Int -4) [an orb of
                  | fire]
 63157 | Zot:2    | Killed an orb of fire
 63203 | Zot:2    | Reached XP level 26. HP: 135/226 MP: 35/35
 63832 | Zot:2    | Identified the +8 war axe "Ucrav" {speed, Int+4}
 64363 | Zot:3    | Noticed an ancient lich
 65837 | Zot:3    | Killed an ancient lich
 65966 | Zot:3    | Noticed an ancient lich
 65995 | Zot:3    | Killed an ancient lich
 66632 | Zot:3    | You fall through a shaft!
 67134 | Zot:3    | Reached XP level 27. HP: 236/236 MP: 36/36
 68870 | Zot:5    | Entered Level 5 of the Realm of Zot
 70324 | Zot:5    | Noticed an ancient lich
 70337 | Zot:5    | Noticed an ancient lich
 70337 | Zot:5    | Noticed an orb of fire
 70337 | Zot:5    | Noticed an ancient lich
 70339 | Zot:5    | Killed an ancient lich
 70341 | Zot:5    | Noticed an orb of fire
 70341 | Zot:5    | Noticed an ancient lich
 70341 | Zot:5    | Noticed an ancient lich
 70360 | Zot:5    | Noticed an orb of fire
 70363 | Zot:5    | Noticed an orb of fire
 70370 | Zot:5    | Killed an ancient lich
 70376 | Zot:5    | Noticed an ancient lich
 70382 | Zot:5    | Gained mutation: Your magical capacity is low. (-10% MP)
                  | [an orb of fire]
 70382 | Zot:5    | Gained mutation: Scrolls take you a little longer to read.
                  | [an orb of fire]
 70386 | Zot:5    | Killed an ancient lich
 70389 | Zot:5    | Killed an ancient lich
 70391 | Zot:5    | Killed an ancient lich
 70397 | Zot:5    | Noticed an ancient lich
 70420 | Zot:5    | Lost mutation: Your muscles are strong. (Str +2) [an orb of
                  | fire]
 70421 | Zot:5    | Gained mutation: You tend to lose your temper in combat.
                  | [an orb of fire]
 70423 | Zot:5    | Killed an orb of fire
 70435 | Zot:5    | Killed an orb of fire
 71555 | Lair:4   | Lost mutation: Your magical capacity is low. (-10% MP)
                  | [potion of mutation]
 71555 | Lair:4   | Gained mutation: You are frail. (-10% HP) [potion of
                  | mutation]
 71555 | Lair:4   | Gained mutation: You have a pair of small antennae on your
                  | head. [potion of mutation]
 71556 | Lair:4   | Lost mutation: You are very dopey. (Int -4) [potion of
                  | mutation]
 71556 | Lair:4   | Lost mutation: Your spells are a little easier to cast, but
                  | a little less powerful. [potion of mutation]
 71556 | Lair:4   | Gained mutation: Your spells are a little harder to cast,
                  | but a little more powerful. [potion of mutation]
 71556 | Lair:4   | Gained mutation: You are somewhat resistant to further
                  | mutation. [potion of mutation]
 71557 | Lair:4   | Lost mutation: You are frail. (-10% HP) [potion of
                  | mutation]
 71557 | Lair:4   | Lost mutation: Scrolls take you a little longer to read.
                  | [potion of mutation]
 71557 | Lair:4   | Lost mutation: Your spells are a little harder to cast, but
                  | a little more powerful. [potion of mutation]
 71557 | Lair:4   | Lost mutation: You have a pair of small antennae on your
                  | head. [potion of mutation]
 71558 | Lair:4   | Lost mutation: You are somewhat resistant to further
                  | mutation. [potion of mutation]
 71558 | Lair:4   | Lost mutation: You tend to lose your temper in combat.
                  | [potion of mutation]
 71558 | Lair:4   | Gained mutation: You passively map a small area around you.
                  | [potion of mutation]
 71558 | Lair:4   | Gained mutation: You are frail. (-10% HP) [potion of
                  | mutation]
 71558 | Lair:4   | Gained mutation: You possess an exceptional clarity of
                  | mind. [potion of mutation]
 71558 | Lair:4   | Gained mutation: Your spells are a little harder to cast,
                  | but a little more powerful. [potion of mutation]
 72481 | Zot:5    | Got the Orb of Zot
 72867 | D:10     | Noticed Goqatyas the pandemonium lord
 73100 | D:$      | Escaped with the Orb!

Vault maps used:
D:1:      sevenhm_arrival_forest_fort_large_4
D:2:      makhleb_heckhound_becter
D:3:      elyvilon_altar_4, first_ration, kennysheep_generic_room_6
D:4:      kennysheep_mini, xom_butterflies, kennysheep_little_box,
          marbit_many_paths, serial_shops, nicolae_shop_stone
D:5:      wad_lake_hut
D:6:      nicolae_overflow_crystal_walls, minmay_temple_entry_enclosed_plants,
          gammafunk_ghost_hive, st_stairs_6, nicolae_evil_shop, uniq_grinder
D:7:      serial_shops, shop, uniq_crazy_yiuf_cottage
D:8:      wad_arrow_thing, david_nohive_1, uniq_psyche, uniq_harold
D:9:      lemuel_doored_altar, due_lair_maze_entry_diamond, enter_bailey_3,
          gammafunk_ghost_stat_death
D:11:     kennysheep_generic_room_15, uniq_erica, uniq_sonja
D:12:     minmay_the_grid_3x3, orc_0_dummy, nrook_pool_corridor
D:13:     uniq_snorg
D:14:     david_vaults_5, fedhas_altar_2, uniq_azrael
D:15:     grunt_enter_depths_hoard, kennysheep_pointless_box
Temple:   eino_narrow_crystal_temple
Lair:1:   beast_lair_carwin_1, grunt_megastairs_3, infiniplex_staircase_pool,
          lemuel_fruit_fields, serial_bayou_shore_b, lemuel_fruit_tree
Lair:2:   basic_altar
Lair:4:   minmay_shoals_entry_hut, nicolae_spider_entry_orb_guardian,
          lab_entry_generic, chequers_serial_rivers_micro_b,
          beast_lair_carwin_11
Lair:5:   slime_altar_1, kennysheep_catoblepas_arena
Lair:6:   hangedman_lair_in_review, patterned_corridor
Shoals:2: uniq_polyphemus
Shoals:4: shoals_end_simple, shoals_ilsuiw_alternative, serial_shops,
          shop_statue, nicolae_shoals_square_sea_wall
Spider:3: nicolae_spider_mines_2, gammafunk_ghost_necromancy,
          minmay_another_anthill, uniq_nikola, uniq_kirke
Spider:4: grunt_spider_rune_circles
Slime:4:  dissolution_awaits
Orc:1:    basic_altar
Orc:2:    grunt_orc_gardens, grunt_orc_garden, grunt_orc_garden,
          grunt_orc_garden, grunt_orc_garden, serial_shops, shop,
          minmay_orc_temple_c
Vaults:1: nicolae_vaults_ring_of_whatevers, vaults_dpeg_spiral,
          nicolae_vaults_little_squares_5, grunt_vaults_bifocal, v_rooms_2,
          ontoclasm_vaults_ring_large, vaults_room_grid, vaults_room_pools,
          nicolae_vaults_shelves_hall, ontoclasm_vaults_decontamination,
          v_misc_32, vaults_room_pools, nicolae_vaults_border_crossing
Vaults:2: minmay_crypt_entry_nasty_monster, hangedman_vaults_maws,
          ontoclasm_vaults_spin, hangedman_vaults_river_flow,
          nicolae_vaults_diagonal_hallway_9, v_misc_28, v_alt_pattern_6,
          v_rooms_6, nicolae_vaults_little_squares_2,
          ontoclasm_vaults_claustrophobia, vaults_room_semicircle, serial_shops,
          shop, shop, shop, nicolae_shop_waterfront, uniq_asterion
Vaults:3: v_misc_9, vaults_dpeg_diagonal, hangedman_vaults_corner_blocks,
          st_lattice, vaults_dpeg_ring, v_misc_19
Vaults:4: gammafunk_vaults_ghost_crypt, v_misc_28, v_misc_9, v_alt_pattern_2,
          nicolae_vaults_network_barrier, nicolae_vaults_angled_halls,
          ontoclasm_vaults_fault, hangedman_vaults_hat, vaults_room_pool,
          vaults_mumra_minichess_inversion, vaults_room_pools,
          ontoclasm_vaults_misaligned, vaults_room_semicircle,
          grunt_vaults_focal, vaults_room_stairs_pillars,
          nicolae_trove_entry_path_of_doom
Depths:1: grunt_metal_band, minmay_misc_feat_hallway,
          chequers_serial_rivers_micro_c, kennysheep_opposing_triangles,
          minmay_shoptagon
Depths:2: gold_lair_mu, pf_vacation_house_of_asmodeus, minmay_staircase_bubble,
          serial_bayou_shore_b, grunt_megastairs_2
Depths:3: minmay_tile_spiral, hell_entry, rand_demon_pan_entry_3,
          minmay_mirror_moons_of_madness, infiniplex_staircase_split_hallway,
          uniq_margery
Depths:4: grunt_profane_halls, hell_entry, abyss_entry
Depths:5: grunt_x_marks_the_spot, enter_ziggurat_e, minmay_misc_feat_five,
          pf_coc_iceberg, serial_shops, shop, spider_trap,
          evilmike_spriggan_trog_shrine
Zot:3:    hangedman_zot_vaults_quadrants, hangedman_spider_trapstep
Zot:4:    st_stairs_9
Lab:      labyrinth_mini_lab, labyrinth_lava_lair, nicolae_lab_flowing_pool,
          lab_fountain, nicolae_lab_diamond
Trove:    trove_garden
Bailey:   bailey_axe_minmay_hex_keep, bailey

Skill      XL: |  1  2  3  4  5  6  7  8  9 10 11 12 13 14 15 16 17 18 19 20 21 22 23 24 25 26 27 |
---------------+----------------------------------------------------------------------------------+-----
Fighting       | 3 4 5 7 9 11 12 13 15 16 17 18 19 20 21 22 23 24 | 24.3
Armour         | 1 2 3 4 6 7 8 9 10 12 19 20 21 22 23 24 25 | 25.3
Crossbows      | 5 6 7 8 10 | 10.0
Evocations     | 1 6 7 10 11 13 14 15 16 17 18 19 | 19.8
Dodging        | 3 5 7 8 10 12 13 14 15 16 17 19 20 | 20.0
Long Blades    | 11 13 14 | 14.2
Shields        | 8 11 16 21 23 25 | 25.0
Stealth        | |  0.8

Action                   |  1- 3 |  4- 6 |  7- 9 | 10-12 | 13-15 | 16-18 | 19-21 | 22-24 | 25-27 || total
-------------------------+-------+-------+-------+-------+-------+-------+-------+-------+-------++-------
Melee: Short sword       |    81 |    97 |       |       |       |       |       |       |       ||   178
       Whip              |       |    76 |   509 |    41 |       |       |       |       |       ||   626
       Demon blade       |       |       |       |   228 |   821 |  1228 |  1098 |   925 |  1204 ||  5504
       Scimitar          |       |       |       |       |     6 |       |       |       |       ||     6
 Fire: Hand crossbow     |    39 |    47 |    15 |     2 |   594 |   421 |   434 |   747 |   396 ||  2695
       Arbalest          |       |       |       |    11 |     2 |       |       |       |       ||    13
Throw: Throwing net      |       |       |       |     2 |     1 |       |     1 |     1 |       ||     5
Invok: Potion Petition   |       |       |       |     1 |       |       |       |       |     5 ||     6
       Call Merchant     |       |       |       |       |       |     1 |     1 |       |     1 ||     3
       Bribe Branch      |       |       |       |       |       |       |       |       |     2 ||     2
 Abil: Hop               |     1 |     2 |     5 |     2 |     7 |     5 |       |     3 |     8 ||    33
Evoke: Wand              |       |    12 |    28 |    17 |    43 |    77 |    20 |    12 |    24 ||   233
       Box of beasts     |       |       |       |       |     1 |     1 |       |     2 |     5 ||     9
       Lamp of fire      |       |       |       |       |       |     3 |     7 |     6 |     2 ||    18
       Sack of spiders   |       |       |       |       |       |       |     1 |     2 |     4 ||     7
       Lightning rod     |       |       |       |       |       |       |     4 |     7 |     1 ||    12
       Phantom mirror    |       |       |       |       |       |       |     2 |       |     1 ||     3
       Phial of floods   |       |       |       |       |       |       |       |     3 |     3 ||     6
  Use: Scroll            |     1 |     5 |     8 |    10 |    19 |    17 |    22 |    12 |    32 ||   126
       Potion            |       |       |     4 |     2 |     1 |     3 |     9 |     1 |    24 ||    44
 Stab: Sleeping          |     1 |       |       |       |       |       |       |       |       ||     1
       Invisible         |       |       |     1 |       |       |       |       |       |     5 ||     6
       Distracted        |       |       |     2 |     1 |     5 |     7 |    13 |    12 |     6 ||    46
       Held in net/web   |       |       |       |     1 |     1 |       |       |       |     1 ||     3
       Paralysed         |       |       |       |       |       |    14 |       |     2 |       ||    16
  Eat: Chunk             |     3 |     7 |    10 |       |       |       |       |       |       ||    20
       Ration            |       |     1 |     3 |     4 |    14 |    13 |    11 |     8 |    17 ||    71
Armor: Leather armour    |    10 |       |       |       |       |       |       |       |       ||    10
       Ring mail         |    30 |     3 |       |       |       |       |       |       |       ||    33
       Scale mail        |       |    23 |       |       |       |       |       |       |       ||    23
       Chain mail        |       |    66 |   302 |    56 |   129 |       |       |       |       ||   553
       Plate armour      |       |       |       |    65 |       |   365 |   176 |   153 |   157 ||   916
       Shadow dragon sca |       |       |       |       |   145 |       |       |       |       ||   145
Dodge: Dodged            |    67 |    76 |   228 |    77 |   190 |   273 |   182 |   163 |   232 ||  1488
Block: Shield            |       |       |       |       |   301 |   974 |   480 |       |       ||  1755
       Reflection        |       |       |       |       |     6 |    42 |   154 |    77 |    16 ||   295
       Large shield      |       |       |       |       |       |       |   309 |   949 |  1207 ||  2465
       Rpst.: Demon blade |       |       |       |    19 |    41 |    48 |    31 |    14 |    31 ||   184

Table legend:
 A = Non-vault XP
 B = Vault XP
 C = Vault XP percentage of total XP
 D = Non-vault monster count
 E = Vault monster count
 F = Vault count percentage of total count
                 A         B        C        D         E       F
            +---------+---------+-------+---------+---------+-------
      Total |  727907 |  648828 |  47.1 |    1399 |     795 |  36.2
            +---------+---------+-------+---------+---------+-------
        D:1 |      15 |       0 |   0.0 |      10 |       0 |   0.0
        D:2 |      72 |      40 |  35.7 |      26 |       1 |   3.7
        D:3 |     102 |      14 |  12.1 |      22 |       3 |  12.0
        D:4 |     395 |       3 |   0.8 |      18 |       1 |   5.3
        D:5 |     535 |       0 |   0.0 |      17 |       0 |   0.0
        D:6 |     791 |    1193 |  60.1 |      24 |       6 |  20.0
        D:7 |     262 |      42 |  13.8 |       9 |       1 |  10.0
        D:8 |    1742 |    2801 |  61.7 |      20 |      23 |  53.5
        D:9 |     747 |    1230 |  62.2 |      16 |      14 |  46.7
       D:10 |    2147 |       0 |   0.0 |      21 |       0 |   0.0
       D:11 |    5681 |    1907 |  25.1 |      35 |       4 |  10.3
       D:12 |    8669 |    9152 |  51.4 |      36 |      26 |  41.9
       D:13 |    5482 |    1162 |  17.5 |      26 |       1 |   3.7
       D:14 |    2699 |    6979 |  72.1 |      16 |      21 |  56.8
       D:15 |   15319 |    2179 |  12.5 |      34 |       2 |   5.6
     Lair:1 |     103 |    2456 |  96.0 |       1 |       8 |  88.9
     Lair:2 |    6516 |       0 |   0.0 |      31 |       0 |   0.0
     Lair:3 |    3566 |       0 |   0.0 |      19 |       0 |   0.0
     Lair:4 |    2950 |    1651 |  35.9 |      14 |       5 |  26.3
     Lair:5 |   12102 |     952 |   7.3 |      32 |       1 |   3.0
     Lair:6 |    4599 |   10140 |  68.8 |      26 |      21 |  44.7
   Shoals:1 |   23505 |       0 |   0.0 |      34 |       0 |   0.0
   Shoals:2 |    7022 |    5051 |  41.8 |      13 |       4 |  23.5
   Shoals:3 |    9511 |       0 |   0.0 |      20 |       0 |   0.0
   Shoals:4 |   17684 |   25313 |  58.9 |      39 |      38 |  49.4
   Spider:1 |   19679 |       0 |   0.0 |      49 |       0 |   0.0
   Spider:2 |   11004 |       0 |   0.0 |      34 |       0 |   0.0
   Spider:3 |   28757 |   19529 |  40.4 |      90 |      52 |  36.6
   Spider:4 |   11130 |   24631 |  68.9 |      17 |      39 |  69.6
    Slime:1 |    2478 |       0 |   0.0 |       1 |       0 |   0.0
    Slime:2 |    4575 |       0 |   0.0 |      14 |       0 |   0.0
    Slime:3 |    3535 |       0 |   0.0 |      10 |       0 |   0.0
    Slime:4 |    9437 |   13708 |  59.2 |      23 |       1 |   4.2
    Slime:5 |   15955 |   25058 |  61.1 |      32 |      15 |  31.9
      Orc:1 |    3015 |    4487 |  59.8 |      29 |      14 |  32.6
      Orc:2 |    6111 |    6582 |  51.9 |      35 |      33 |  48.5
   Vaults:1 |   13434 |   11673 |  46.5 |      25 |      16 |  39.0
   Vaults:2 |   30667 |   35200 |  53.4 |      61 |      49 |  44.5
   Vaults:3 |   26143 |    9734 |  27.1 |      51 |      12 |  19.0
   Vaults:4 |   46660 |   43564 |  48.3 |      66 |      25 |  27.5
   Depths:1 |   14652 |   12644 |  46.3 |      32 |       9 |  22.0
   Depths:2 |   36586 |   31801 |  46.5 |      51 |      31 |  37.8
   Depths:3 |   35159 |   72852 |  67.4 |      40 |      39 |  49.4
   Depths:4 |    5515 |  107210 |  95.1 |       5 |     108 |  95.6
   Depths:5 |   50841 |   27629 |  35.2 |      43 |      22 |  33.8
      Zot:1 |   14530 |       0 |   0.0 |       6 |       0 |   0.0
      Zot:2 |   70479 |    9355 |  11.7 |      41 |       5 |  10.9
      Zot:3 |   56315 |   60581 |  51.8 |      36 |      39 |  52.0
      Zot:4 |   38798 |    2078 |   5.1 |      22 |       2 |   8.3
      Zot:5 |   40236 |   51911 |  56.3 |      27 |      23 |  46.0
        Lab |       0 |    2400 | 100.0 |       0 |      13 | 100.0
     Bailey |       0 |    3936 | 100.0 |       0 |      68 | 100.0
            +---------+---------+-------+---------+---------+-------
